 Dungeon Crawl Stone Soup version 0.27.1-4-g1640c2035a (webtiles) character file.

Game seed: 2214337394384630010

4591 Elvor the Conjurer (level 10, -3/84 HPs)
             Began as a Green Draconian Conjurer on Nov 11, 2021.
             Was a Believer of the Shining One.
             Slain by a polar bear (17 damage)
             ... on level 7 of the Dungeon.
             The game lasted 01:07:18 (5964 turns).

Elvor the Conjurer (Green Draconian Conjurer)       Turns: 5964, Time: 01:07:19

Health: -3/84      AC:  8    Str: 10    XL:     10   Next: 18%
Magic:  1/19       EV: 12    Int: 21    God:    the Shining One [**....]
Gold:   94         SH:  0    Dex: 10    Spells: 11/22 levels left

rFire    + . .     SeeInvis .   g - +0 short sword
rCold    . . .     Faith    .   (no shield)
rNeg     + . .     Spirit   .   (armour unavailable)
rPois    +         Reflect  .   z - +1 hat
rElec    .         Harm     .   (no cloak)
rCorr    .         Rampage  .   (no gloves)
Will     .....                  (no boots)
Stlth    +.........             (no amulet)
HPRegen  0.24/turn              i - ring of protection from fire
MPRegen  0.16/turn              (no ring)

@: glowing
A: breathe noxious fumes, AC +7, unfitting armour, poison resistance,
cold-blooded
a: Breathe Noxious Fumes, Renounce Religion, Divine Shield


You were on level 7 of the Dungeon.
You worshipped the Shining One.
The Shining One was pleased with you.
You visited 1 branch of the dungeon, and saw 7 of its levels.

You collected 394 gold pieces.
You spent 300 gold pieces at shops.

Inventory:

Hand Weapons
 g - a +0 short sword (weapon)
 y - a +2 hunting sling of freezing
 J - a +4 hunting sling
Missiles
 e - a throwing net
 j - 137 stones
 m - 66 sling bullets
 q - 8 javelins (quivered)
 u - 4 boomerangs
 C - 10 poisoned darts
 F - 6 datura-tipped darts
 K - 2 silver boomerangs
Armour
 d - a +0 kite shield
 z - a +1 hat (worn)
Magical Staves
 x - a staff of cold
Jewellery
 i - a ring of protection from fire (left hand)
 G - a ring of positive energy
 I - a ring of fire
Wands
 H - a wand of polymorph (10)
Scrolls
 a - a scroll of immolation {unknown}
 b - 4 scrolls of teleportation
 h - 3 scrolls of amnesia
 k - a scroll of enchant armour {unknown}
 p - 2 scrolls of torment
 r - 4 scrolls of noise
 v - a scroll of blinking {unknown}
 A - 2 scrolls of fear
Potions
 c - 3 potions of lignification
 l - a potion of degeneration {unknown}
 n - 2 potions of heal wounds
 o - 4 potions of curing
 s - 3 potions of attraction
 t - 2 potions of might
 w - a potion of cancellation {unknown}
 D - a potion of brilliance
 E - a potion of flight
 L - a potion of haste {unknown}
Miscellaneous
 B - a piece from Xom's chessboard (15/15)


   Skills:
 * Level 6.5 Fighting
 + Level 3.1 Short Blades
 + Level 0.3 Maces & Flails
 + Level 2.7 Throwing
 + Level 4.0 Dodging
 + Level 3.8 Stealth
 * Level 5.1 Shields
 + Level 6.5 Spellcasting
 + Level 7.9 Conjurations
 + Level 3.2 Evocations


You had 11 spell levels left.
You knew the following spells:

 Your Spells              Type           Power      Damage    Failure   Level
a - Magic Dart            Conj           100%       1d8       1%          1
b - Searing Ray           Conj           80%        3d6       1%          2
c - Iskenderun's Mystic   Conj/Tloc      23%        2d6       19%         4
d - Petrify               Tmut/Erth      6%         N/A       67%         4

Your spell library contained the following spells:

 Spells                   Type           Power      Damage    Failure   Level
 Foxfire                  Conj/Fire      92%        2x1d8     1%          1
 Conjure Flame            Conj/Fire      23%        6-21      5%          3
 Dazzling Flash           Conj/Hex       46%        N/A       5%          3
 Summon Small Mammal      Summ           24%        N/A       10%         1
 Sublimation of Blood     Necr           3%         N/A       14%         2
 Wereblood                Tmut           6%         N/A       14%         2
 Fulminant Prism          Conj/Hex       11%        3d9       19%         4
 Call Canine Familiar     Summ           6%         N/A       28%         3
 Inner Flame              Hex/Fire       6%         N/A       28%         3
 Summon Guardian Golem    Hex/Summ       6%         N/A       28%         3
 Irradiate                Conj/Tmut      11%        3d17      45%         5
 Summon Hydra             Summ           3%         N/A       100%        7


Dungeon Overview and Level Annotations

Branches:
Dungeon (7/15)             Temple (0/1) D:5

Altars:
Dithmenos
Fedhas
Hepliaklqana
Nemelex Xobeh
Ru
Yredelemnul
The Shining One

Shops:
D:3 *   D:6 !


Innate Abilities, Weirdness & Mutations

You can breathe blasts of noxious fumes.
Your lurid green scales are hard. (AC +7)
You cannot fit into any form of body armour.
Your system is resistant to poisons. (rPois)
You are cold-blooded and may be slowed by cold attacks.


Message History

Aim: a polar bear (heavily wounded, haloed, 89% to hit)
The searing ray hits the polar bear!
The polar bear is severely wounded.
The searing ray hits the polar bear.
The polar bear is almost dead.
The searing ray hits the yak!
You kill the yak! (Press . to maintain the ray.)
The polar bear goes berserk!
The searing ray misses the polar bear. x2; The polar bear bites you!
The polar bear claws you.
The polar bear claws you but does no damage.
The polar bear barely misses you. The polar bear misses you.
The polar bear closely misses you.
The searing ray hits the polar bear.
The polar bear is almost dead.
The searing ray hits the polar bear.
The polar bear is almost dead.
The polar bear barely misses you. x2; The polar bear closely misses you.
The searing ray hits the polar bear but does no damage.
The polar bear is almost dead.
The searing ray hits the polar bear.
You kill the polar bear!
You finish channeling your searing ray.
The polar bear bites you!
The polar bear claws you but does no damage.
The polar bear barely misses you. The polar bear bites you!!
* * * LOW HITPOINT WARNING * * *
The polar bear closely misses you.
The polar bear claws you but does no damage.
Your Dodging skill increases to level 4!
You don't have enough magic to cast this spell.
You don't have enough magic to cast this spell.
Throw: 9 javelins
Press: ? - help, Q - select action, (/) - cycle Shift-Dir - straight line, f/p - polar bear
Aim: a polar bear (almost dead, berserk, haloed, 86% to hit)
You throw a javelin.
The javelin pierces through the polar bear but does no damage.
The polar bear is almost dead.
The polar bear bites you!
You die...

................##
..##............(#
..##.#.....hhY...#
..#..####''''###.#
..#...#...lY.hY#†#
.##.#.#...hhhlh#†#
...†..#.......h#†#
.....##........#h#
......#........#@#
......##########.#
......#....)..#..#
..######........## .##
##.#...### ..# #..#...####
#.# ###.........##
..####...#........# ###
.........#....#...########.##


You could see a polar bear (berserk).

Vanquished Creatures
  The ghost of ghwc the Carver, a novice VSBe of Trog (D:6)
  3 polar bears (D:7)
  A hornet (D:7)
  Grinder (D:3)
  3 wyverns (D:7)
  A yak (D:7)
  Duvessa (D:5)
  4 ice beasts
  3 sky beasts
  2 black bears (D:7)
  5 ogres
  2 phantoms (D:6)
  A gnoll sergeant (D:5)
  3 bullfrogs
  3 scorpions
  Dowan (D:5)
  The ghost of Dohy the Poker, a weakling MfGl (D:3)
  3 howler monkeys
  A wyvern simulacrum (D:6)
  2 jellies (D:6)
  A hound (D:7)
  2 centaur skeletons
  A gnoll shaman (D:5)
  A water moccasin simulacrum (D:6)
  Ijyb (D:3)
  A scorpion zombie (D:5)
  4 iguanas
  A killer bee zombie (D:5)
  2 centaur simulacra (D:6)
  Robin (D:3)
  12 gnolls
  10 adders
  A shadow imp (D:6)
  A white imp (D:6)
  A howler monkey simulacrum (D:6)
  A worm (D:3)
  9 dart slugs (D:3)
  10 orcs
  4 endoplasms
  3 giant cockroaches
  7 hobgoblins
  4 jackals (D:1)
  6 kobolds
  4 quokkas
  5 ball pythons
  3 bats
  2 frilled lizards
  15 goblins
  5 rats
  A spectral hobgoblin (D:1)
161 creatures vanquished.

Vanquished Creatures (others)
  4 plants (D:5)
4 creatures vanquished.

Grand Total: 165 creatures vanquished

Notes
Turn   | Place    | Note
-------+----------+-------------------------------------------
     0 | D:1      | Elvor the Draconian Conjurer began the quest for the Orb.
     0 | D:1      | Reached XP level 1. HP: 14/14 MP: 3/3
    73 | D:1      | Found a faded altar of an unknown god.
   239 | D:1      | Reached XP level 2. HP: 21/22 MP: 1/5
   369 | D:1      | You fall into a shaft and drop 1 floor!
   558 | D:1      | Reached skill level 1 in Fighting
   692 | D:1      | Learned a level 2 spell: Searing Ray
   696 | D:2      | Reached XP level 3. HP: 24/28 MP: 2/6
   929 | D:2      | You fall into a shaft and drop 2 floors!
   975 | D:3      | Found Rapramp's Assorted Antiques.
   981 | D:3      | Noticed Robin
  1324 | D:3      | Reached XP level 4. HP: 36/36 MP: 2/7
  1328 | D:3      | Found a runed translucent door.
  1348 | D:3      | Bought a scroll labelled VYMMYT YDGHEUTHIH for 24 gold
                  | pieces
  1348 | D:3      | Bought a scroll labelled DESUIQELUS for 24 gold pieces
  1348 | D:3      | Bought a fuming black potion for 21 gold pieces
  1348 | D:3      | Bought a grey potion for 21 gold pieces
  1503 | D:3      | Killed Robin
  1530 | D:3      | Reached skill level 5 in Conjurations
  1588 | D:3      | Reached XP level 5. HP: 26/41 MP: 1/9
  1591 | D:3      | Noticed Grinder
  1594 | D:3      | Paralysed by Grinder for 2 turns
  1885 | D:3      | Paralysed by Grinder for 7 turns
  1893 | D:3      | Killed Grinder
  1894 | D:3      | Reached skill level 1 in Evocations
  1894 | D:3      | Reached XP level 6. HP: 39/50 MP: 2/11
  1907 | D:3      | Noticed a sky beast
  2015 | D:3      | Noticed Ijyb
  2021 | D:3      | Killed Ijyb
  2022 | D:3      | Reached skill level 1 in Short Blades
  2091 | D:3      | Killed a sky beast
  2288 | D:3      | Found a runed translucent door.
  2289 | D:3      | Noticed Dohy's ghost (weakling MfGl)
  2345 | D:3      | Your scales start taking on a lurid green colour.
  2345 | D:3      | Reached XP level 7. HP: 40/57 MP: 2/12
  2345 | D:3      | Gained mutation: Your system is resistant to poisons.
                  | (rPois) [Green Draconian growth]
  2445 | D:3      | Killed Dohy's ghost
  2785 | D:4      | Found a glowing golden altar of the Shining One.
  2794 | D:4      | Became a worshipper of the Shining One
  2886 | D:4      | Learned a level 4 spell: Iskenderun's Mystic Blast
  2891 | D:4      | Learned a level 4 spell: Petrify
  3020 | D:4      | Found a hazy altar of Hepliaklqana.
  3125 | D:4      | Found a basalt altar of Yredelemnul.
  3182 | D:5      | Entered Level 5 of the Dungeon
  3232 | D:5      | Reached skill level 1 in Throwing
  3351 | D:5      | Reached skill level 1 in Shields
  3427 | D:5      | Reached skill level 6 in Conjurations
  3592 | D:5      | Reached XP level 8. HP: 54/66 MP: 10/14
  3651 | D:5      | Found a staircase to the Ecumenical Temple.
  3657 | D:5      | Noticed Duvessa
  3935 | D:5      | Noticed Dowan
  4116 | D:5      | Found a shadowy altar of Dithmenos.
  4177 | D:5      | Killed Dowan
  4181 | D:5      | Killed Duvessa
  4182 | D:5      | Reached skill level 5 in Spellcasting
  4246 | D:6      | Reached * piety under the Shining One
  4252 | D:6      | Reached skill level 5 in Fighting
  4316 | D:6      | Found a sparkling altar of Nemelex Xobeh.
  4447 | D:6      | Found Jeshraaru's Distillery.
  4457 | D:6      | Bought a potion of brilliance for 40 gold pieces
  4457 | D:6      | Bought a potion of lignification for 30 gold pieces
  4457 | D:6      | Bought a potion of curing for 30 gold pieces
  4457 | D:6      | Bought a potion of heal wounds for 50 gold pieces
  4457 | D:6      | Bought a potion of flight for 30 gold pieces
  4457 | D:6      | Bought a potion of attraction for 30 gold pieces
  4606 | D:6      | Reached XP level 9. HP: 74/74 MP: 9/16
  4743 | D:6      | Found a blossoming altar of Fedhas.
  4864 | D:6      | Noticed ghwc's ghost (novice VSBe)
  4947 | D:6      | Found a runed translucent gate.
  4947 | D:6      | Found a runed translucent gate.
  4947 | D:6      | Found a runed translucent gate.
  5123 | D:6      | Reached skill level 7 in Conjurations
  5326 | D:6      | Killed ghwc's ghost
  5326 | D:6      | Reached ** piety under the Shining One
  5583 | D:7      | Found a huge runed translucent gate.
  5583 | D:7      | Found a huge runed translucent gate.
  5583 | D:7      | Found a huge runed translucent gate.
  5583 | D:7      | Found a huge runed translucent gate.
  5583 | D:7      | Noticed a polar bear
  5583 | D:7      | Noticed a death yak
  5583 | D:7      | Noticed a polar bear
  5583 | D:7      | Noticed a polar bear
  5583 | D:7      | Noticed a polar bear
  5583 | D:7      | Noticed a polar bear
  5681 | D:7      | Found a sacrificial altar of Ru.
  5949 | D:7      | Killed a polar bear
  5951 | D:7      | Killed a polar bear
  5952 | D:7      | Reached XP level 10. HP: 78/83 MP: 9/19
  5960 | D:7      | Reached skill level 5 in Shields
  5964 | D:7      | Slain by a polar bear

Illustrated notes

Levels and vault maps discovered:
D:1:      evilmike_arrival_plus, layout_basic,
          dreamdust_ecumenical_altar_drowned_temple
D:2:      layout_basic, minmay_tetromino_o4
D:3:      kennysheep_slugbush, layout_loops_cross, serial_shops, shop,
          ebering_ghost_sewer_f, roderic_lattice_a, uniq_grinder, uniq_robin,
          uniq_ijyb
D:4:      layout_rooms, lemuel_crystal_altar, lemuel_tele_altar,
          general_overflow_altar, grunt_ministairs_9, minmay_misc_feat_x,
          roderic_malta_cross
D:5:      layout_cave_pools, minmay_temple_entry_gardened_gates,
          grunt_ministairs_13, kennysheep_crisscross,
          hellmonk_bongcloud_opening, minmay_ruined_shrine, uniq_duvessa
D:6:      layout_loops_ring, mainiacjoe_overflow_24_doors,
          nemelex_diamond_rough_becter, serial_shops, nicolae_lakefront_shop,
          gammafunk_ghost_icy, minmay_holes, minmay_misc_feat_plants,
          hangedman_decor_growths
D:7:      lemuel_bear_cage, layout_cave_pools, mainiacjoe_overflow_catwalk

Skill      XL: |  1  2  3  4  5  6  7  8  9 10 |
---------------+-------------------------------+-----
Fighting       | 1 2 3 4 5 6 |  6.5
Stealth        | 2 3 |  3.8
Dodging        | 2 3 4 |  4.0
Conjurations   | 5 6 7 |  7.9
Spellcasting   | 3 4 5 6 |  6.5
Evocations     | 1 2 3 |  3.2
Short Blades   | 1 2 3 |  3.1
Throwing       | 1 2 |  2.7
Shields        | 1 3 4 5 |  5.1
Maces & Flails | |  0.3

Action                   |  1- 3 |  4- 6 |  7- 9 | 10-12 || total
-------------------------+-------+-------+-------+-------++-------
Melee: Whip              |    29 |       |       |       ||    29
       Unarmed           |     1 |       |       |       ||     1
       Short sword       |    14 |    18 |    16 |       ||    48
       Tailslap          |     1 |     1 |     1 |       ||     3
Throw: Javelin           |       |     5 |       |     5 ||    10
       Boomerang         |       |     1 |     6 |       ||     7
       Dart              |       |       |     5 |       ||     5
 Cast: Magic Dart        |    52 |    33 |    18 |       ||   103
       Searing Ray       |     5 |    10 |    64 |     2 ||    81
       Iskenderun's Myst |       |       |     1 |       ||     1
 Abil: Breathe Noxious F |       |       |    21 |       ||    21
Evoke: Wand              |     3 |    11 |     6 |       ||    20
       Piece from Xom's  |       |       |     1 |       ||     1
  Use: Scroll            |       |       |     5 |       ||     5
Armor: Skin              |    21 |    12 |    22 |     6 ||    61
Dodge: Dodged            |    38 |    19 |    37 |    16 ||   110
